 Dungeon Crawl Stone Soup version 0.28-a0-1312-g71652a0310 (webtiles) character file.

Game seed: 8581765260001543103

62280 pokeman the Eclecticist (level 14, 0/78 HPs)
             Began as a Deep Elf Hedge Wizard on Dec 26, 2021.
             Was a Follower of Vehumet.
             Slain by a basilisk (5 damage)
             ... while petrified by a basilisk
             ... on level 5 of the Lair of Beasts on Dec 27, 2021.
             The game lasted 01:20:06 (27272 turns).

pokeman the Eclecticist (Deep Elf Hedge Wizard)    Turns: 27272, Time: 01:20:06

Health: 0/78       AC: 19    Str: 10    XL:     14   Next: 63%
Magic:  26/48      EV:  2    Int: 30    God:    Vehumet [*.....]
Gold:   2192       SH:  0    Dex: 14    Spells: 34/52 levels left

rFire   + + .      SeeInvis .   d - staff of conjuration
rCold   x . .      Faith    .   S - +0 buckler
rNeg    + + +      Spirit   .   I - +0 fire dragon scales
rPois   ∞          Reflect  .   g - +2 helmet {Int+3}
rElec   .          Harm     .   V - +0 cloak
rCorr   .          Rampage  .   e - +2 pair of gloves of Insecurity {rPois Str+3 Int+2}
Will    +....                   o - +0 pair of boots
Stlth   +++++.....              X - amulet of magic regeneration
HPRegen 0.23/turn               s - +4 ring of evasion
MPRegen 0.71/turn               c - ring of magical power

@: petrified
A: no striking features
a: Renounce Religion


You were on level 5 of the Lair of Beasts.
You worshipped Vehumet.
Vehumet was aware of your devotion.
You visited 3 branches of the dungeon, and saw 20 of its levels.
You also visited: Bailey.

You collected 3075 gold pieces.
You spent 883 gold pieces at shops.

Inventory:

Hand Weapons
 J - a +0 shortbow of flaming
 W - the +12 halberd "Killer Bee's Peril" {vorpal, rF- rN+++ MP+9 Str-4}
   (You found it on level 14 of the Dungeon)

   It inflicts extra damage upon your enemies.
   Str:       It affects your strength (-4).
   rF:        It makes you vulnerable to fire.
   rN:        It renders you almost immune to negative energy.
   MP:        It affects your magic capacity (+9).
Missiles
 C - 344 arrows
 F - 2 throwing nets
 M - 10 curare-tipped darts
Armour
 e - the +2 pair of gloves of Insecurity (worn) {rPois Str+3 Int+2}
   (You bought it in a shop on level 11 of the Dungeon)

   Str:       It affects your strength (+3).
   Int:       It affects your intelligence (+2).
   rPois:     It protects you from poison.
 g - a +2 helmet of intelligence (worn)
 i - a +1 robe of cold resistance
 o - a +0 pair of boots (worn)
 I - +0 fire dragon scales (worn)
 S - a +0 buckler (worn)
 V - a +0 cloak (worn)
Magical Staves
 d - a staff of conjuration (weapon)
 x - a staff of cold
Jewellery
 c - a ring of magical power (right hand)
 j - a ring of ice
 s - a +4 ring of evasion (left hand)
 H - a ring of protection from cold
 L - an amulet of reflection
 X - an amulet of magic regeneration (around neck)
Wands
 t - a wand of paralysis (1)
 v - a wand of charming (5)
 K - a wand of iceblast (6)
 O - a wand of acid (11)
Scrolls
 k - a scroll of vulnerability {unknown}
 q - 3 scrolls of magic mapping
 u - 2 scrolls of fear
 w - 3 scrolls of blinking
 E - 5 scrolls of teleportation
Potions
 a - 3 potions of flight
 b - 6 potions of haste
 f - 9 potions of curing
 h - a potion of degeneration {unknown}
 l - 3 potions of brilliance
 m - 5 potions of lignification {unknown}
 n - 4 potions of heal wounds {unknown}
 p - 5 potions of cancellation {unknown}
 r - 3 potions of attraction {unknown}
 z - 2 potions of mutation
 D - 2 potions of might {unknown}
 N - 4 potions of berserk rage {unknown}
 P - a potion of resistance {unknown}
 Q - a potion of experience
 Y - a potion of invisibility {unknown}
Miscellaneous
 T - a tin of tremorstones (2/2)


   Skills:
 - Level 5.0 Fighting
 + Level 6.2 Armour
 - Level 3.0 Dodging
 - Level 18.0 Stealth
 - Level 4.0 Shields
 * Level 19.9 Spellcasting
 + Level 12.0 Conjurations
 - Level 1.1 Summonings
 - Level 1.1 Translocations
 + Level 11.6 Fire Magic
 - Level 1.0 Ice Magic
 - Level 1.0 Air Magic
 - Level 1.0 Earth Magic
 - Level 1.1 Poison Magic
 - Level 1.0 Evocations


You had 34 spell levels left.
You knew the following spells:

 Your Spells              Type           Power      Damage    Failure   Level
a - Magic Dart            Conj           100%       1d8       1%          1
b - Mephitic Cloud        Conj/Pois/Air  72%        N/A       4%          3
c - Call Imp              Summ           36%        N/A       10%         2
d - Blink                 Tloc           72%        N/A       10%         2
e - Conjure Flame         Conj/Fire      100%       6-21      1%          3
f - Flame Wave            Conj/Fire      100%       2d14      1%          4
g - Stone Arrow           Conj/Erth      100%       3d13      1%          3

Your spell library contained the following spells:

 Spells                   Type           Power      Damage    Failure   Level
 Shock                    Conj/Air       100%       1d9       1%          1
 Scorch                   Fire           100%       2d10      1%          2
 Inner Flame              Hex/Fire       59%        N/A       2%          3
 Sandblast                Erth           72%        2d16      6%          1
 Summon Small Mammal      Summ           100%       N/A       6%          1
 Slow                     Hex            100%       N/A       10%         1
 Passwall                 Tmut/Erth      27%        N/A       12%         2
 Call Canine Familiar     Summ           36%        N/A       19%         3
 Portal Projectile        Hex/Tloc       66%        N/A       24%         3
 Summon Guardian Golem    Hex/Summ       33%        N/A       24%         3
 Confusing Touch          Hex            29%        N/A       30%         3
 Vampiric Draining        Necr           29%        2d8       30%         3
 Leda's Liquefaction      Hex/Erth       16%        N/A       61%         4
 Cause Fear               Hex            14%        N/A       69%         4
 Summon Forest            Summ/Tloc      18%        N/A       86%         5
 Summon Mana Viper        Hex/Summ       33%        N/A       91%         5
 Summon Cactus Giant      Summ           18%        N/A       100%        6
 Discord                  Hex            14%        N/A       100%        8


Dungeon Overview and Level Annotations

Branches:
Dungeon (14/15)            Temple (1/1) D:6            Lair (5/6) D:9
  Swamp (0/4) Lair:2       Spider (0/4) Lair:2          Orc (0/2) D:12
 Vaults (0/5) D:14         Bailey (visited)
  Slime: Lair:5-6

Altars:
Cheibriados
Fedhas
Gozag
Hepliaklqana
Kikubaaqudgha
Nemelex Xobeh
Okawaru
Qazlal
Sif Muna
Trog
Uskayaw
Vehumet
Wu Jian
Xom
Zin
The Shining One
Beogh

Shops:
D:11 ([?:   D:12 (   D:13 [

Portals:
Trove: D:11 (give +2 gold dragon scales)

Annotations:
D:13 2 transporters, 1 runed translucent door, Nialiw's ghost, journeyman GnHu
D:14 Nessos; Roxanne


Message History

The basilisk bites you but does no damage.
The rime drake breathes ice at you. The flash freeze hits you!!
You feel a painful chill!
You are encased in ice.
The basilisk gazes at you. You resist with almost no effort.
The basilisk bites you!
The rime drake bites you but does no damage.
The eight-headed hydra bites you!
The eight-headed hydra bites you but does no damage.
The eight-headed hydra bites you! x2; The eight-headed hydra bites you.
The eight-headed hydra barely misses you.
The eight-headed hydra bites you but does no damage.
The eight-headed hydra completely misses you.
The basilisk bites you but does no damage.
The rime drake bites you but does no damage.
The eight-headed hydra bites you but does no damage.
The eight-headed hydra barely misses you.
The eight-headed hydra bites you! The eight-headed hydra bites you.
The eight-headed hydra bites you but does no damage. x2
The eight-headed hydra bites you! The eight-headed hydra bites you.
* * * LOW HITPOINT WARNING * * *
The hell rat bites you!
* * * LOW HITPOINT WARNING * * *
The basilisk gazes at you.
The rime drake bites you but does no damage.
The ice encasing you melts away.
The hell rat bites you but does no damage.
The eight-headed hydra bites you!
* * * LOW HITPOINT WARNING * * *
The eight-headed hydra bites you.
* * * LOW HITPOINT WARNING * * *
The eight-headed hydra bites you but does no damage.
The eight-headed hydra bites you.
The eight-headed hydra bites you but does no damage.
The eight-headed hydra bites you!
* * * LOW HITPOINT WARNING * * *
The eight-headed hydra bites you but does no damage. x2
The basilisk bites the hell rat.
The basilisk bites itself!!
The basilisk bites you!
You die...

... .. ... #.
#.+#. #...#
#†..# #†..#
## #<.#
##P##l.#
#...#@†#
#...Drk#
#....l†#
#...>.>......
#....F.#.##..
..........##
.........##
####....##
##....


You could see an eight-headed hydra, 2 basilisks, a blink frog (confused), a
rime drake and a hell rat.

Vanquished Creatures
  Josephine (D:11)
  Fannar (D:12)
  A fire dragon (D:14)
  2 boulder beetles
  Erolcha (D:9)
  An ogre mage (D:13)
  5 hydras
  A tengu warrior (D:13)
  Erica (D:8)
  2 centaur warriors (D:13)
  7 two-headed ogres
  4 death yaks
  Nergalle (D:10)
  Sonja (D:10)
  The ghost of dang3rdave the Slicer, a novice GrDe of Uskayaw (D:10)
  A necromancer (D:14)
  15 ugly things
  4 cyclopes
  2 manticores
  4 elephants (Lair:2)
  Maurice (D:10)
  A black mamba (shapeshifter) (D:14)
  2 black mambas
  3 gargoyles
  Joseph (D:9)
  6 cane toads
  9 komodo dragons
  2 kobold demonologists (D:9)
  An efreet (D:12)
  A guardian mummy (D:11)
  A queen bee (D:12)
  3 meliai (D:12)
  A polar bear (Lair:4)
  4 trolls
  The ghost of oldmanjim the Vexing, an amateur GnAM (D:3)
  13 dream sheep (Lair:4)
  13 slime creatures
  16 blink frogs
  2 shadows
  5 wraiths
  4 basilisks
  22 yaks
  4 vampires
  7 wyverns
  Grum (D:11)
  16 vampire mosquitoes
  9 water moccasins
  An acid dragon (D:9)
  A floating eye (shapeshifter) (D:14)
  3 black bears
  2 ice beasts
  4 orc warriors
  A sky beast (D:7)
  3 ogres
  A necrophage (D:7)
  10 centaurs
  11 wolves
  A phantom (D:5)
  4 kobold brigands
  11 bullfrogs
  2 gnoll sergeants
  A water moccasin zombie (D:6)
  4 scorpions
  28 killer bees
  A water moccasin skeleton (D:6)
  A howler monkey (D:9)
  3 electric eels (Lair:2)
  4 centaur zombies
  4 bullfrog zombies
  A centaur skeleton (D:7)
  2 bullfrog skeletons
  A hound (D:6)
  A gnoll shaman (D:7)
  3 orc priests
  An iguana (D:3)
  A scorpion zombie (D:5)
  6 orc wizards
  2 hound skeletons
  2 howler monkey zombies
  A howler monkey skeleton (D:7)
  22 gnolls
  7 adders
  2 ufetubi
  An adder zombie (D:5)
  3 dart slugs
  34 orcs
  5 bats
  6 endoplasms
  2 giant cockroaches
  6 goblins
  2 hobgoblins
  4 jackals (D:3)
  24 kobolds
  A quokka (D:5)
  4 ball pythons
  4 frilled lizards
  5 rats
459 creatures vanquished.

Vanquished Creatures (collateral kills)
  4 killer bees
  A gnoll (D:7)
5 creatures vanquished.

Vanquished Creatures (others)
  12 fungi
  24 plants
36 creatures vanquished.

Grand Total: 500 creatures vanquished

Notes
Turn   | Place    | Note
-------+----------+-------------------------------------------
     0 | D:1      | pokeman the Deep Elf Hedge Wizard began the quest for the
                  | Orb.
     0 | D:1      | Reached XP level 1. HP: 10/10 MP: 7/7
   288 | D:1      | Reached XP level 2. HP: 16/16 MP: 4/9
  1393 | D:2      | Reached skill level 5 in Spellcasting
  1465 | D:2      | Reached XP level 3. HP: 19/20 MP: 11/11
  1469 | D:2      | Learned a level 3 spell: Mephitic Cloud
  1472 | D:2      | Learned a level 2 spell: Call Imp
  1475 | D:2      | Learned a level 2 spell: Blink
  1479 | D:2      | Learned a level 3 spell: Conjure Flame
  1691 | D:3      | Noticed an ogre
  1700 | D:3      | Killed an ogre
  1701 | D:3      | Reached skill level 1 in Fighting
  1701 | D:3      | Reached skill level 1 in Armour
  1701 | D:3      | Reached XP level 4. HP: 25/25 MP: 3/13
  1837 | D:3      | Noticed an ogre
  1840 | D:3      | Reached skill level 6 in Spellcasting
  1840 | D:3      | Reached XP level 5. HP: 29/29 MP: 9/15
  1848 | D:3      | Killed an ogre
  1849 | D:3      | Reached skill level 1 in Fire Magic
  2114 | D:3      | Found a runed translucent gate.
  2115 | D:3      | Found a runed translucent gate.
  2116 | D:3      | Found a runed translucent gate.
  2117 | D:3      | Noticed oldmanjim's ghost (amateur GnAM)
  2322 | D:3      | Reached XP level 6. HP: 34/34 MP: 13/17
  2831 | D:4      | Reached skill level 7 in Spellcasting
  3148 | D:4      | Reached skill level 1 in Air Magic
  4328 | D:5      | Entered Level 5 of the Dungeon
  4389 | D:5      | Reached skill level 1 in Poison Magic
  4451 | D:5      | Noticed a water moccasin
  4459 | D:5      | Killed a water moccasin
  4460 | D:5      | Reached XP level 7. HP: 34/39 MP: 16/20
  4587 | D:5      | Reached skill level 8 in Spellcasting
  4704 | D:5      | Learned a level 4 spell: Flame Wave
  4705 | D:5      | Found a shimmering altar of Xom.
  5049 | D:5      | Reached skill level 5 in Stealth
  5051 | D:5      | Reached XP level 8. HP: 15/44 MP: 8/22
  5387 | D:5      | Reached skill level 9 in Spellcasting
  5640 | D:6      | Reached skill level 1 in Ice Magic
  5709 | D:6      | Learned a level 3 spell: Stone Arrow
  5963 | D:6      | Reached skill level 1 in Earth Magic
  6041 | D:6      | Found a staircase to the Ecumenical Temple.
  6212 | D:6      | Reached skill level 5 in Conjurations
  7159 | D:7      | Reached skill level 10 in Spellcasting
  7456 | D:7      | Reached XP level 9. HP: 48/48 MP: 11/25
  8931 | D:8      | Noticed Erica
  8947 | D:8      | Killed Erica
  8948 | D:8      | Reached skill level 11 in Spellcasting
  8948 | D:8      | Reached skill level 5 in Fire Magic
  9121 | D:8      | Noticed a gargoyle
  9127 | D:8      | Killed a gargoyle
  9504 | D:8      | Reached XP level 10. HP: 56/56 MP: 19/27
  9507 | D:8      | Reached skill level 12 in Spellcasting
  9610 | D:9      | Found a flagged portal.
  9619 | Bailey   | Entered a bailey
  9830 | Bailey   | Reached skill level 1 in Evocations
 10212 | D:9      | Reached skill level 10 in Stealth
 10296 | D:9      | Noticed Joseph
 10309 | D:9      | Killed Joseph
 10600 | D:9      | Reached skill level 13 in Spellcasting
 11217 | D:9      | Reached XP level 11. HP: 61/61 MP: 17/30
 11473 | D:9      | Found a staircase to the Lair.
 11686 | D:9      | Found a blossoming altar of Fedhas.
 11904 | D:9      | Noticed Erolcha
 11913 | D:9      | Killed Erolcha
 12065 | D:10     | Entered Level 10 of the Dungeon
 12065 | D:10     | Found a runed translucent door.
 12076 | D:10     | Noticed Nergalle
 12085 | D:10     | Killed Nergalle
 12086 | D:10     | Reached skill level 14 in Spellcasting
 12300 | D:3      | Killed oldmanjim's ghost
 12623 | D:10     | Reached skill level 1 in Shields
 12795 | D:10     | Noticed a cyan ugly thing
 12796 | D:10     | Noticed dang3rdave's ghost (novice GrDe)
 12878 | D:10     | Noticed Sonja
 12930 | D:10     | Noticed Maurice
 12942 | D:10     | Killed Maurice
 13257 | D:10     | Killed Sonja
 13260 | D:10     | Identified the +1 ring mail of the Dungeon {Rampage Will+
                  | Regen+ Int-2}
 13844 | D:10     | Killed a cyan ugly thing
 13845 | D:10     | Reached skill level 15 in Spellcasting
 14030 | D:10     | Killed dang3rdave's ghost
 14338 | Temple   | Entered the Ecumenical Temple
 14713 | D:11     | Noticed Grum
 14715 | D:11     | Noticed Josephine
 14721 | D:11     | Killed Grum
 14726 | D:11     | Noticed a two-headed ogre
 14729 | D:11     | Reached XP level 12. HP: 66/66 MP: 20/33
 14750 | D:11     | Killed Josephine
 14757 | D:11     | Killed a two-headed ogre
 15526 | D:11     | Found Jaeladud's Book Shoppe.
 15529 | D:11     | Found Xugri's Armour Shoppe.
 15529 | D:11     | Found Xuwemesk's Magic Scroll Shoppe.
 15530 | D:11     | Found Rudduc's Weapon Shoppe.
 15537 | D:11     | Bought a scroll of identify for 30 gold pieces
 15537 | D:11     | Bought a scroll of identify for 30 gold pieces
 15537 | D:11     | Bought a scroll of identify for 30 gold pieces
 15537 | D:11     | Bought a scroll of identify for 30 gold pieces
 15545 | D:11     | Bought the +2 pair of gloves of Insecurity {rPois Str+3
                  | Int+2} for 579 gold pieces
 15545 | D:11     | Bought a +0 helmet of intelligence for 184 gold pieces
 15571 | D:11     | Identified a scroll of acquirement
 15574 | D:11     | Acquired 569 gold pieces
 15616 | D:11     | Found a portal to a secret trove of treasure.
 15919 | D:12     | Reached skill level 16 in Spellcasting
 15997 | D:12     | Noticed a boulder beetle
 16009 | D:12     | Killed a boulder beetle
 16101 | D:12     | Noticed Fannar
 16114 | D:12     | Killed Fannar
 16563 | D:12     | Reached skill level 15 in Stealth
 17058 | D:12     | Found Cyqaig's Weapon Emporium.
 17059 | D:12     | Found a staircase to the Orcish Mines.
 17081 | D:12     | Reached skill level 10 in Conjurations
 17778 | D:13     | Reached skill level 17 in Spellcasting
 17885 | D:13     | Found Satuts's Armour Shoppe.
 17886 | D:13     | Noticed a centaur warrior
 17892 | D:13     | Killed a centaur warrior
 17990 | D:13     | Noticed a two-headed ogre
 17998 | D:13     | Killed a two-headed ogre
 17999 | D:13     | Reached XP level 13. HP: 72/72 MP: 18/36
 18157 | D:13     | Found a transporter.
 18160 | D:13     | Found a transporter.
 18162 | D:13     | Noticed Nialiw's ghost (journeyman GnHu)
 18432 | D:13     | Reached skill level 5 in Fighting
 18654 | D:13     | Found a runed translucent door.
 18654 | D:13     | Noticed a fire giant
 18666 | D:13     | Reached skill level 10 in Fire Magic
 18733 | D:13     | Identified the ring of Finality {Will+ Slay+2}
 18733 | D:13     | Noticed a stone giant
 19500 | D:14     | Noticed a fire dragon
 19509 | D:14     | Killed a fire dragon
 19510 | D:14     | Reached skill level 18 in Spellcasting
 20026 | D:14     | Identified Roxanne's Guide on the Mountains
 20026 | D:14     | Noticed Roxanne
 20174 | D:14     | Found a gate to the Vaults.
 20649 | D:14     | Reached skill level 5 in Armour
 20795 | D:14     | Identified the +12 halberd "Killer Bee's Peril" {vorpal,
                  | rF- rN+++ MP+9 Str-4}
 20887 | D:14     | Noticed Nessos
 21351 | Lair:1   | Entered Level 1 of the Lair of Beasts
 22211 | Lair:1   | Reached XP level 14. HP: 78/78 MP: 18/38
 22424 | Lair:1   | Found a hide-covered altar of Uskayaw.
 23104 | Lair:2   | Found a hole to the Spider Nest.
 23116 | Lair:2   | Reached skill level 19 in Spellcasting
 23344 | Lair:2   | Acquired 693 gold pieces
 23982 | Lair:2   | Found a staircase to the Swamp.
 24781 | Temple   | Became a worshipper of Vehumet
 26336 | Lair:4   | Reached * piety under Vehumet
 26336 | Lair:4   | Offered knowledge of Shock by Vehumet.
 27251 | Lair:5   | Upgraded the game from 0.28-a0-1286-g6bde065e89 to
                  | 0.28-a0-1312-g71652a0310
 27272 | Lair:5   | Slain by a basilisk

Illustrated notes

Levels and vault maps discovered:
D:1:      wander_arrival_desolate, layout_basic
D:2:      layout_basic, serial_corexii_hall, chequers_hall_statues_y,
          corexii_hall_statues_u
D:3:      layout_rooms, biasface_ghost_orc_armoury
D:4:      layout_layer_cave
D:5:      layout_loops_ring, tgw_xom
D:6:      layout_layer_cave, minmay_temple_entry_waves
D:7:      kennysheep_six_static_rooms, layout_cave_pods, minmay_misc_feat_rows,
          corner_web_ring
D:8:      layout_loops_corners, uniq_erica
D:9:      layout_basic, overflow_temple_1_default, erik_lair_dragon,
          enter_bailey_2, uniq_erolcha, uniq_joseph
D:10:     layout_cave_pools, ebering_ghost_inner_flame, kennysheep_flooded_box,
          uniq_sonja, uniq_maurice, uniq_nergalle
D:11:     layout_loops_ring, nicolae_trove_entry_path_of_doom,
          minmay_shop_grid_forest, uniq_grum, uniq_josephine
D:12:     layout_roguey, orc_david_3, special_room [special_room_bee],
          uniq_fannar
D:13:     layout_roguey, serial_shops, nicolae_shop_waterfront,
          gammafunk_ghost_smash, serial_bayou_pond_d, kennysheep_treasure_room
D:14:     layout_loops_ring, david_vaults_4, uniq_roxanne, uniq_azrael,
          uniq_nessos
Temple:   mainiacjoe_temple_big_plus
Lair:1:   layout_chaotic_city, lemuel_centaur_altar, grunt_megastairs_3,
          lemuel_fruit_fields
Lair:2:   layout_misc_corridors, minmay_swamp_entry_swarm,
          spider_nest_entry_web_field, minmay_holes, serial_bayou_shore_a,
          grunt_megastairs_4
Lair:3:   layout_gridlike
Lair:4:   layout_cave_pods, grunt_forest_small_clearings
Lair:5:   layout_roguey [special_room_mythical_zoo],
          minmay_slime_entry_oklob_enclosed, serial_bayou_shore_b

Skill      XL: |  1  2  3  4  5  6  7  8  9 10 11 12 13 14 |
---------------+-------------------------------------------+-----
Spellcasting   | 5 6 7 8 10 11 13 15 17 18 19 | 19.9
Fighting       | 1 2 3 4 5 |  5.0
Armour         | 1 2 3 4 5 6 |  6.2
Conjurations   | 2 3 4 5 6 7 9 10 11 12 | 12.0
Fire Magic     | 1 2 4 5 7 8 9 10 11 | 11.6
Dodging        | 3 |  3.0
Stealth        | 3 5 7 9 11 13 15 17 18 | 18.0
Air Magic      | 1 |  1.0
Poison Magic   | 1 |  1.1
Ice Magic      | 1 |  1.0
Earth Magic    | 1 |  1.0
Evocations     | 1 |  1.0
Shields        | 2 4 |  4.0
Summonings     | |  1.1
Translocations | |  1.1

Action                   |  1- 3 |  4- 6 |  7- 9 | 10-12 | 13-15 || total
-------------------------+-------+-------+-------+-------+-------++-------
Melee: Quarterstaff      |     4 |    18 |    91 |   155 |    52 ||   320
       Staff             |       |       |       |       |     9 ||     9
 Fire: Shortbow          |       |       |       |    10 |       ||    10
Throw: Throwing net      |     1 |       |     2 |     1 |       ||     4
 Cast: Magic Dart        |    41 |    68 |    79 |    59 |     8 ||   255
       Mephitic Cloud    |     1 |     7 |    19 |    41 |    22 ||    90
       Blink             |     1 |     1 |     1 |     7 |     2 ||    12
       Conjure Flame     |       |     4 |    29 |    37 |    31 ||   101
       Call Imp          |       |       |     2 |     1 |     2 ||     5
       Stone Arrow       |       |       |     6 |   158 |   240 ||   404
       Flame Wave        |       |       |       |    14 |    24 ||    38
Evoke: Wand              |       |       |       |     1 |     3 ||     4
  Use: Scroll            |       |       |       |    13 |     8 ||    21
 Stab: Confused          |     1 |     1 |     9 |    13 |     1 ||    25
       Sleeping          |       |       |     2 |     5 |       ||     7
       Distracted        |       |       |       |     2 |     2 ||     4
Armor: Leather armour    |     2 |     6 |    13 |     2 |       ||    23
       Acid dragon scale |       |       |       |    59 |    22 ||    81
       Fire dragon scale |       |       |       |       |    54 ||    54
Dodge: Dodged            |     5 |     9 |    85 |   160 |    79 ||   338
Block: Other             |       |       |       |    45 |    18 ||    63
       Reflection        |       |       |       |     2 |       ||     2
       Buckler           |       |       |       |       |    22 ||    22

Table legend: (Time is in decaauts)
 A = Elapsed time spent in this place.
 B = Non-inter-level travel time spent in this place.
 C = Inter-level travel time spent in this place.
 D = Time resting spent in this place.
 E = Time spent auto-exploring this place.
 F = Levels seen in this place.
 G = Mean time per level.
                   A        B        C        D        E       F      G
               +--------+--------+--------+--------+--------+-----+--------+
         Total |  27436 |  25111 |   2325 |   1957 |  19289 |  21 | 1306.5 |
       Dungeon |  21579 |  19582 |   1997 |   1636 |  15024 |  14 | 1541.4 |
        Temple |    336 |    290 |     46 |      0 |    203 |   1 |  336.0 |
          Lair |   4933 |   4651 |    282 |    213 |   3806 |   5 |  986.6 |
        Bailey |    587 |    587 |      0 |    108 |    255 |   1 |  587.0 |
               +--------+--------+--------+--------+--------+-----+--------+

Top non-repeatable levels by time:
     D:9: 2595 daAuts
    D:13: 2072 daAuts
     D:8: 1847 daAuts
     D:4: 1757 daAuts
    D:14: 1637 daAuts
    D:12: 1618 daAuts
    D:10: 1564 daAuts
     D:7: 1558 daAuts
    D:11: 1462 daAuts
  Lair:4: 1434 daAuts
  Lair:1: 1371 daAuts
     D:5: 1332 daAuts
     D:6: 1285 daAuts
  Lair:2: 1195 daAuts
     D:3: 1160 daAuts
